 Dungeon Crawl Stone Soup version 0.29-a0-234-g0dae59b3db (webtiles) character file.

Game seed: 16204358055681722889

1945 fragbeetle the Transmogrifier (level 8, 0/74 HPs)
             Began as a Grey Draconian Transmuter on Mar 2, 2022.
             Slain by a gnoll sergeant
             ... wielding a +7 spear
              (5 damage)
             ... on level 7 of the Dungeon.
             The game lasted 00:10:37 (6995 turns).

fragbeetle the Transmogrifier (DrTm)                Turns: 6995, Time: 00:10:38

Health: 0/74       AC:  7    Str: 13    XL:     8   Next: 98%
Magic:  6/11       EV: 10    Int: 14    God:
Gold:   293        SH:  0    Dex: 13    Spells: 3/11 levels left

rFire   x . .      SeeInvis .     - Unarmed
rCold   + + +      Faith    .   (shield currently unavailable)
rNeg    . . .      Spirit   .   (body armour unavailable)
rPois   +          Reflect  .   (helmet currently unavailable)
rElec   .          Harm     .   (cloak currently unavailable)
rCorr   .          Rampage  .   (gloves currently unavailable)
Will    .....                   (boots currently unavailable)
Stlth   +.........              (no amulet)
HPRegen 0.22/turn               B - ring of wizardry
MPRegen 0.12/turn               w - ring of protection from cold

@: ice-form
A: freezing attack, boosted hp, AC +11, amphibious, large, unfitting armour,
(cold-blooded)
a: End Transformation


You were on level 7 of the Dungeon.
You were a creature of crystalline ice.
You visited 1 branch of the dungeon, and saw 7 of its levels.

You collected 293 gold pieces.

Inventory:

Missiles
 b - 10 poisoned darts
Armour
 e - a +2 cloak (melded)
 x - a +1 pair of gloves (melded)
Jewellery
 w - a ring of protection from cold (right front paw)
 B - a ring of wizardry (left front paw)
Scrolls
 a - 3 scrolls of noise {unknown}
 c - a scroll of summoning {unknown}
 g - 3 scrolls of fear {unknown}
 h - a scroll of amnesia {unknown}
 i - 5 scrolls of identify {unknown}
 j - 2 scrolls of fog {unknown}
 k - 2 scrolls of magic mapping {unknown}
 m - 2 scrolls of enchant weapon {unknown}
 n - 3 scrolls of blinking {unknown}
 o - a scroll of vulnerability {unknown}
 u - 2 scrolls of teleportation {unknown}
 y - a scroll of enchant armour {unknown}
Potions
 d - a potion of heal wounds {unknown}
 f - 2 potions of curing {unknown}
 l - a potion of magic {unknown}
 p - a potion of brilliance {unknown}
 q - 2 potions of ambrosia {unknown}
 r - 3 potions of flight {unknown}
 s - 2 potions of berserk rage {unknown}
 t - a potion of degeneration {unknown}
 v - a potion of lignification {unknown}
 z - a potion of attraction {unknown}
 A - a potion of mutation {unknown}


   Skills:
 + Level 2.6 Fighting
 - Level 1.7 Dodging
 + Level 3.7 Unarmed Combat
 - Level 2.0 Spellcasting
 - Level 9.0 Transmutations
 - Level 7.0 Ice Magic


You had 3 spell levels left.
You knew the following spells:

 Your Spells              Type           Power      Damage    Failure   Level
a - Beastly Appendage     Tmut           52%        N/A       1%          1
b - Spider Form           Tmut/Pois      14%        N/A       4%          3
c - Ice Form              Ice/Tmut       23%        N/A       3%          4

Your spell library contained the following spells:

 Spells                   Type           Power      Damage    Failure   Level
 Wereblood                Tmut           26%        N/A       1%          2
 Passwall                 Tmut/Erth      11%        N/A       2%          2
 Sandblast                Erth           2%         2d4       10%         1
 Slow                     Hex            4%         N/A       10%         1
 Corpse Rot               Necr/Air       2%         N/A       14%         2
 Poisonous Vapours        Pois/Air       2%         N/A       14%         2
 Static Discharge         Conj/Air       1%         N/A       14%         2
 Confusing Touch          Hex            1%         N/A       26%         3
 Stone Arrow              Conj/Erth      2%         3d7       26%         3
 Vampiric Draining        Necr           1%         2d6       26%         3
 Lightning Bolt           Conj/Air       0%         1d11      92%         5
 Maxwell's Capacitive Co  Air            0%         ∞         100%        8


Dungeon Overview and Level Annotations

Branches:
Dungeon (7/15)             Temple (0/1) D:7

Altars:
Gozag
Vehumet

Annotations:
D:6 3 runed translucent doors, DrKleor's ghost, novice DsFi


Innate Abilities, Weirdness & Mutations

You are a creature of crystalline ice.
You have a powerful freezing melee attack.
Your maximum health is increased.
Your armour is entirely melded.
You are incapable of wielding weapons or throwing items.
((Your dull iron-grey scales are very hard. (AC +11)))
You are amphibious.
You cannot fit into any form of body armour.
((You are cold-blooded and may be slowed by cold attacks.))


Message History

You kill the gnoll!
The gnoll hits you from afar with a +0 spear.
The gnoll hits you with a +0 spear.
You hit the gnoll. You freeze the gnoll.
The gnoll is heavily wounded.
The gnoll barely misses you.
You punch the gnoll! You freeze the gnoll.
You kill the gnoll!
You punch the gnoll! You freeze the gnoll.
You kill the gnoll!
The gnoll hits you with a +0 flail.
The gnoll sergeant hits you from afar with a +7 spear!
Things that are here:
a +0 club; a +0 spear You punch the gnoll!
You freeze the gnoll.
You kill the gnoll!
The gnoll sergeant hits you from afar with a +7 spear!
Casting: Ice Form (dangerous; 3% risk of failure)
Confirm with . or Enter, or press ? or * to list all spells.
You extend your transformation's duration.
The gnoll sergeant barely misses you.
Unknown command.
The gnoll sergeant hits you with a +7 spear!!
* * * LOW HITPOINT WARNING * * *
You punch the gnoll sergeant! You freeze the gnoll sergeant.
The gnoll sergeant is moderately wounded.
The gnoll sergeant hits you with a +7 spear!
* * * LOW HITPOINT WARNING * * *
Okay, then.
You punch the gnoll sergeant! You freeze the gnoll sergeant.
The gnoll sergeant is almost dead.
The gnoll sergeant hits you with a +7 spear!
* * * LOW HITPOINT WARNING * * *
The gnoll sergeant blocks your attack.
The gnoll sergeant is almost dead.
The gnoll sergeant barely misses you.
You hit the gnoll sergeant but do no damage.
The gnoll sergeant is almost dead.
The gnoll sergeant hits you with a +7 spear.
You die...

#.......# #.......#
#####.......#
#...##.....##
#...##....<##
#...........#
#...#.......# ...
#...#..>....... ...
#.Y.##.............
#.g.###...#........
#...# .............
##.###.P.P.#.(... .
#)# .>..# ... #)# #
#.# ... #.. ... #..
...


You could see a gnoll sergeant.

Vanquished Creatures
  4 humans (D:6)
  2 black bears
  A sky beast (D:6)
  2 ogres (D:5)
  A phantom (D:5)
  3 bullfrogs
  2 hounds (D:5)
  A gnoll shaman (D:5)
  3 orc priests (D:6)
  Jessica (D:2)
  2 iguanas
  8 orc wizards
  10 gnolls
  2 adders
  A shadow imp (D:5)
  An ufetubus (D:5)
  A worm (D:4)
  2 dart slugs
  17 orcs
  4 bats
  6 endoplasms
  5 giant cockroaches
  A goblin (D:1)
  7 hobgoblins
  3 jackals (D:3)
  7 quokkas
  8 ball pythons
  3 frilled lizards
  7 kobolds
  3 rats
118 creatures vanquished.

Vanquished Creatures (others)
  2 plants
  4 toadstools (D:1)
6 creatures vanquished.

Grand Total: 124 creatures vanquished

Notes
Turn   | Place    | Note
-------+----------+-------------------------------------------
     0 | D:1      | fragbeetle the Draconian Transmuter began the quest for the
                  | Orb.
     0 | D:1      | Reached XP level 1. HP: 16/16 MP: 3/3
   130 | D:1      | Reached XP level 2. HP: 19/23 MP: 3/5
   365 | D:1      | Reached skill level 3 in Transmutations
   588 | D:1      | Found a faded altar of an unknown god.
   641 | D:1      | Reached XP level 3. HP: 28/28 MP: 6/6
   846 | D:1      | Learned a level 3 spell: Spider Form
  1106 | D:2      | Noticed Jessica
  1110 | D:2      | Killed Jessica
  1111 | D:2      | Reached skill level 4 in Transmutations
  1345 | D:2      | Reached XP level 4. HP: 34/35 MP: 5/7
  1625 | D:3      | Noticed a black bear
  1676 | D:3      | Killed a black bear
  1677 | D:3      | Reached skill level 5 in Transmutations
  1677 | D:3      | Reached XP level 5. HP: 28/40 MP: 5/8
  1775 | D:3      | Learned a level 4 spell: Ice Form
  2492 | D:4      | Reached skill level 1 in Ice Magic
  2865 | D:4      | Reached skill level 6 in Transmutations
  2955 | D:4      | Identified the +1 glaive of Qoureakh {drain, rElec rF+}
  3073 | D:4      | Reached XP level 6. HP: 29/47 MP: 9/9
  3463 | D:5      | Entered Level 5 of the Dungeon
  4050 | D:5      | Your scales start taking on a dull iron-grey colour.
  4050 | D:5      | Reached XP level 7. HP: 52/52 MP: 6/10
  4347 | D:5      | Reached skill level 7 in Transmutations
  4633 | D:5      | Found a radiant altar of Vehumet.
  4921 | D:6      | Found a runed translucent gate.
  5137 | D:6      | Found a runed translucent gate.
  5138 | D:6      | Found a runed translucent gate.
  5139 | D:6      | Found an opulent altar of Gozag.
  5140 | D:6      | Noticed a gargoyle
  5140 | D:6      | Noticed DrKleor's ghost (novice DsFi)
  5150 | D:6      | Noticed a human
  5196 | D:6      | Reached skill level 5 in Ice Magic
  5215 | D:6      | Noticed a human
  5235 | D:6      | Killed a human
  5236 | D:6      | Reached XP level 8. HP: 36/59 MP: 5/11
  5291 | D:6      | Reached skill level 8 in Transmutations
  6375 | D:6      | Reached skill level 9 in Transmutations
  6956 | D:7      | Found a staircase to the Ecumenical Temple.
  6995 | D:7      | Slain by a gnoll sergeant

Illustrated notes

Levels and vault maps discovered:
D:1:      ldierk_water_garden, layout_basic, dilly_ecumenical_altar_fadedgnrine,
          minmay_tree_intersection
D:2:      layout_rooms, grunt_decor_one_mirror, uniq_jessica
D:3:      layout_loops_corners, minmay_unequal
D:4:      layout_loops_ring, grunt_decor_mini_mirrors
D:5:      layout_loops_corners, mainiacjoe_overflow_alcove_4, kennysheep_path_1,
          kennysheep_generic_room_13
D:6:      layout_gridville, ebering_ghost_gozag, minmay_misc_feat_square,
          corexii_shack, minmay_ruffians
D:7:      layout_rooms, minmay_temple_entry_trees

Skill      XL: |  1  2  3  4  5  6  7  8 |
---------------+-------------------------+-----
Transmutations | 3 4 5 6 7 9 |  9.0
Ice Magic      | 1 3 5 7 |  7.0
Fighting       | 2 |  2.6
Dodging        | |  1.7
Unarmed Combat | |  3.7
Spellcasting   | |  2.0

Action                   |  1- 3 |  4- 6 |  7- 9 || total
-------------------------+-------+-------+-------++-------
Melee: Unarmed           |    72 |   160 |   182 ||   414
       Kick              |    18 |    33 |    11 ||    62
       Headbutt          |    10 |    10 |     7 ||    27
       Tailslap          |     8 |    12 |     5 ||    25
       Punch             |     1 |     3 |     2 ||     6
 Cast: Beastly Appendage |    19 |    24 |    10 ||    53
       Spider Form       |       |     5 |    16 ||    21
       Ice Form          |       |       |     4 ||     4
 Stab: Sleeping          |       |     2 |       ||     2
Armor: Skin              |    24 |    48 |    34 ||   106
Dodge: Dodged            |    29 |    94 |   132 ||   255

Table legend: (Time is in decaauts)
 A = Elapsed time spent in this place.
 B = Non-inter-level travel time spent in this place.
 C = Inter-level travel time spent in this place.
 D = Time resting spent in this place.
 E = Time spent auto-exploring this place.
 F = Levels seen in this place.
 G = Mean time per level.
                   A        B        C        D        E       F      G
               +--------+--------+--------+--------+--------+-----+--------+
         Total |   6977 |   6739 |    238 |    551 |   5027 |   7 |  996.7 |
       Dungeon |   6977 |   6739 |    238 |    551 |   5027 |   7 |  996.7 |
               +--------+--------+--------+--------+--------+-----+--------+

Top non-repeatable levels by time:
     D:6: 2057 daAuts
     D:5: 1372 daAuts
     D:4: 1039 daAuts
     D:3: 1004 daAuts
     D:1: 874 daAuts
     D:2: 539 daAuts
     D:7: 89 daAuts
